Cogmind - Beta 14 @@@ ROGUE MODE // 2024.10.17 @ 17:06:28 Player: WazdakkaGutsmek Result: Self-destructed Performance ------------- Evolutions (3) 1500 Regions Visited (8) 1600 Robots Destroyed (35) 175 Value Destroyed (939) 939 Prototype IDs (3) 60 Alien Tech Used (0) 0 Bonus (341) 341 TOTAL SCORE: 4615 Bonus ------- Follower Combat Kills 41 Aligned with FarCom 300 Cogmind --------- Core Integrity 586/700 Matter 300/300 Energy 143/150 System Corruption 0% Temperature Cool (91) Movement Rolling (205) Ox7 Location -7/Factory Parts ------- > --- POWER (1) -------- Micro Nuclear Core > --- PROPULSION (3) --- Armored Huge Wheel > --- UTILITY (6) ------ Heat Sink Heat Sink Humpback > --- WEAPON (3) ------- Heavy Laser Advanced Beam Cannon Heavy Particle Cannon > --- INVENTORY (35) --- Deuterium Engine Carbon-fiber Leg Carbon-fiber Leg Wheel Heat Sink Flak Cannon Peak State ------------ > --- POWER ------------ Heavy Ion Engine > --- PROPULSION ------- Carbon-fiber Leg Carbon-fiber Leg > --- UTILITY ---------- Heat Sink Small Storage Unit Bomb Drone Bay > --- WEAPON ----------- Advanced Beam Cannon Advanced Beam Cannon > --- INVENTORY -------- Carbon-fiber Leg Carbon-fiber Leg Heat Sink Heavy EM Pulse Gun Heavy EM Pulse Gun Heavy EM Pulse Gun Medium Laser Grenade Launcher [Rating: 32] Favorites ----------- Power Heavy Ion Engine Engine Heavy Ion Engine Power Core Micro Nuclear Core Propulsion Carbon-fiber Leg Treads Light Treads Leg Carbon-fiber Leg Wheel Wheel Utility Heat Sink Device Heat Sink Storage Small Storage Unit Protection Light Armor Plating Weapon Advanced Beam Cannon Energy Gun Heavy EM Pulse Gun Energy Cannon Advanced Beam Cannon Ballistic Gun Light Assault Rifle Launcher Grenade Launcher Build | -11 -10 -10 -9 -9 -9 -8 -8 -7 ------- Run | Yrd Mat Min Mat Min Exi Min Mat Fac Slots Evolved 6 | . . . 2 . . . 2 2 Power . | . . . . . . . . . Propulsion 1 | . . . . . . . 1 . Utility 4 | . . . 2 . . . 1 1 Weapon 1 | . . . . . . . . 1 Parts Attached 33 | . 3 . 14 1 1 2 7 5 Power 6 | . 1 . 2 . 1 . 2 . Engine 4 | . . . 2 . 1 . 1 . Core 2 | . 1 . . . . . 1 . Reactor . | . . . . . . . . . Propulsion 8 | . . . 4 . . . 3 1 Treads 2 | . . . 2 . . . . . Leg 2 | . . . 2 . . . . . Wheel 4 | . . . . . . . 3 1 Hover . | . . . . . . . . . Flight . | . . . . . . . . . Utility 8 | . 2 . 3 1 . . 2 . Device 4 | . 1 . 1 1 . . 1 . Storage 2 | . . . 1 . . . 1 . Processor . | . . . . . . . . . Hackware . | . . . . . . . . . Protection 2 | . 1 . 1 . . . . . Artifact . | . . . . . . . . . Weapon 11 | . . . 5 . . 2 . 4 Energy Gun 5 | . . . 2 . . 1 . 2 Energy Cannon 4 | . . . 2 . . . . 2 Ballistic Gun . | . . . . . . . . . Ballistic Cannon . | . . . . . . . . . Launcher 2 | . . . 1 . . 1 . . Special Weapon . | . . . . . . . . . Impact Weapon . | . . . . . . . . . Slashing Weapon . | . . . . . . . . . Piercing Weapon . | . . . . . . . . . Special Melee Weapon . | . . . . . . . . . Unidentified Prototypes 3 | . . . 2 1 . . . . Parts Lost 7 | . . 1 2 . . . . 4 Power . | . . . . . . . . . Propulsion 1 | . . . . . . . . 1 Utility 2 | . . 1 1 . . . . . Weapon 4 | . . . 1 . . . . 3 Highest Loss Streak 3 | . . 1 1 . . . . 3 To Critical Strikes . | . . . . . . . . . Average Slot Usage (%) 85 | . 96 95 89 88 87 88 81 67 Engine 7 | . 10 . 10 11 10 11 8 . Core 3 | . 3 14 . . . . . 7 Treads 1 | . . . 16 . . . . . Leg 16 | . 28 28 5 22 22 22 9 . Wheel 3 | . . . . . . . 12 13 Device 15 | . 3 9 7 18 22 22 23 15 Storage 12 | . 14 14 20 14 11 11 9 7 Protection 1 | . 7 . 6 . . . . . Energy Gun 4 | . . . 14 . . 4 9 6 Energy Cannon 12 | . . . 1 22 22 15 9 14 Ballistic Gun 6 | . 28 28 5 . . . . . Peak Build Rating 32 | . 9 9 19 32 32 32 32 27 Average Rating 23 | . 7 8 10 27 31 31 28 26 On Entrance 17 | 6 6 9 8 19 32 32 31 17 Naked Turns . | . . . . . . . . . Heaviest Build 222 | 10 15 13 23 30 30 30 218 222 Greatest Support 40 | 20 20 20 40 30 30 30 30 38 Greatest Overweight (x) 7 | . . . 6 . . . 7 7 Average Overweight (x) . | . . . . . . . . 5 Largest Inventory Capacity 35 | . 8 8 8 8 8 8 35 35 Average Capacity 12 | . 8 8 8 8 8 8 11 35 Most Carried 8 | . 8 8 8 8 8 8 8 8 Average Carried 7 | . 7 8 6 8 7 7 7 7 Final Capacity 35 | 8 8 8 8 8 8 8 35 35 Final Carried 8 | 6 8 8 8 8 8 7 7 6 Class Distribution -------------------- 78% | Mutant 16% | Hauler-Skirmisher 3% | Scavenger-Mutant Dominant Class ---------------- Mutant | -10/Materials Mutant | -10/Mines Mutant | -9/Materials Mutant | -9/Mines Mutant | -9/Exiles Mutant | -8/Mines Mutant | -8/Materials Hauler-Skirmisher | -7/Factory Resources | -11 -10 -10 -9 -9 -9 -8 -8 -7 ----------- Run | Yrd Mat Min Mat Min Exi Min Mat Fac Matter Collected 688 | 197 63 57 99 . . 139 . 133 Remotely . | . . . . . . . . . Salvage Created 1190 | . 48 45 346 44 . 104 224 379 Parts 72 | . 2 . 34 4 . 1 17 14 Haulers Intercepted 1 | . . . 1 . . . . . Recyclers Shooed . | . . . . . . . . . Parts Field Recycled . | . . . . . . . . . Retrieved Matter . | . . . . . . . . . Parts Self-Destructed . | . . . . . . . . . Prevented . | . . . . . . . . . Kills | -11 -10 -10 -9 -9 -9 -8 -8 -7 ------- Run | Yrd Mat Min Mat Min Exi Min Mat Fac Combat Hostiles Destroyed 32 | . 1 3 11 3 . 4 3 7 Guns 13 | . 1 3 7 . . . 1 1 Cannons 13 | . . . . 3 . 2 2 6 AOE 5 | . . . 4 . . 1 . . Classes Destroyed 9 | . 1 1 4 . . . 2 1 Worker 1 | . . . . . . . 1 . Builder 3 | . . . 2 . . . 1 . Hauler 1 | . . . 1 . . . . . Watcher 1 | . . . . . . . 1 . Swarmer 13 | . . . 8 3 . 2 . . Grunt 12 | . 1 . 1 . . 2 2 6 Duelist 1 | . . . . . . . . 1 Sentry 3 | . . . 2 . . . 1 . Assembled 3 | . . 3 . . . . . . Best Kill Streak 7 | . 1 1 7 3 . 2 2 3 Combat Bots Only 5 | . 1 1 5 3 . 2 2 3 Max Kills in Single Turn 2 | . 1 1 2 1 . 1 1 1 Gunslinging . | . . . . . . . . . Exploded 1 | . . . 1 . . 1 . . Melee . | . . . . . . . . . Uniques/NPCs Destroyed . | . . . . . . . . . Combat | -11 -10 -10 -9 -9 -9 -8 -8 -7 -------- Run | Yrd Mat Min Mat Min Exi Min Mat Fac Hostile Shots Fired 178 | . 23 17 46 24 . 11 8 49 Missed 52 | . 9 3 16 4 . 4 4 12 Damage Taken 1899 | . 181 238 386 170 . 134 131 659 Core 341 | . 45 56 66 30 . 30 . 114 Absorbed by Shields . | . . . . . . . . . Core Remaining (%) 81 | 100 . 59 . . . 68 100 . Volleys Fired 121 | . 20 21 27 7 . 8 15 23 Largest 3 | . 2 2 2 2 . 2 2 3 Hottest 212 | . 40 40 113 136 . 136 113 212 Shots Fired 258 | . 40 42 52 14 . 16 30 64 Gun 165 | . 40 42 48 . . 1 15 19 Cannon 86 | . . . 1 14 . 11 15 45 Launcher 7 | . . . 3 . . 4 . . Special . | . . . . . . . . . Kinetic 98 | . 40 42 16 . . . . . Thermal 95 | . . . 1 14 . 11 15 54 Explosive 7 | . . . 3 . . 4 . . Electromagnetic 58 | . . . 32 . . 1 15 10 Robot Hit Streak 14 | . 4 7 8 4 . 4 6 14 Robot Miss Streak 5 | . 3 5 4 2 . 1 5 3 Penetration Max . | . . . . . . . . . Secondary Targets . | . . . . . . . . . Shots Hit Robots 132 | . 15 20 26 9 . 9 15 38 Core Hits 69 | . 7 10 16 3 . 9 9 15 Critical Kills 1 | . . . . . . 1 . . Critical Parts Destroyed . | . . . . . . . . . Critical Strikes 2 | . . . . . . 1 . 1 Burn 1 | . . . . . . . . 1 Meltdown 1 | . . . . . . 1 . . Melee Attacks . | . . . . . . . . . Impact . | . . . . . . . . . Slashing . | . . . . . . . . . Piercing . | . . . . . . . . . Sneak Attacks . | . . . . . . . . . Combat Hostiles . | . . . . . . . . . Follow-up Attacks . | . . . . . . . . . Damage Inflicted 2639 | . 120 162 615 186 . 358 292 906 Guns 983 | . 120 162 311 . . 14 150 226 Cannons 1095 | . . . 21 186 . 103 142 643 Explosions 561 | . . . 283 . . 241 . 37 Melee . | . . . . . . . . . Ramming . | . . . . . . . . . Kinetic 355 | . 120 162 73 . . . . . Thermal 1308 | . . . 98 186 . 103 142 779 Explosive 447 | . . . 206 . . 241 . . Electromagnetic 529 | . . . 238 . . 14 150 127 Impact . | . . . . . . . . . Slashing . | . . . . . . . . . Piercing . | . . . . . . . . . Highest Corruption 6 | . 2 6 . . . . . . Average Corruption 3 | . 2 3 . . . . . . Corruption Purged . | . . . . . . . . . Corruption Blocked . | . . . . . . . . . Effects 4 | . . 4 . . . . . . Message Errors 2 | . . 2 . . . . . . Matter Fused 1 | . . 1 . . . . . . Data Loss (minor) 1 | . . 1 . . . . . . Overload Shots . | . . . . . . . . . Overflow Damage 16 | . . . 13 2 . 1 . . Projectiles 3 | . . . . 2 . 1 . . Explosions 13 | . . . 13 . . . . . Melee . | . . . . . . . . . Knockbacks . | . . . . . . . . . Impact . | . . . . . . . . . Kinetic . | . . . . . . . . . Secondary . | . . . . . . . . . Self-Inflicted Damage 94 | . . . 58 . . . . 36 Shots 3 | . . . 2 . . . . 1 Rammed . | . . . . . . . . . Targets Rammed . | . . . . . . . . . Kicked . | . . . . . . . . . Crushed . | . . . . . . . . . Highest Temperature 663 | . 50 12 27 273 . 135 6 663 Average Temperature 122 | . 27 7 11 141 . 43 2 218 Received Heat Transfer 689 | . 96 80 45 . . 72 27 369 Effects 8 | . . . . . . . . 8 Shutdowns 2 | . . . . . . . . 2 Damage (minor) 2 | . . . . . . . . 2 Damage (major) 4 | . . . . . . . . 4 Siege Activations . | . . . . . . . . . Robots Corrupted . | . . . . . . . . . Combat Hostiles . | . . . . . . . . . Parts Fried . | . . . . . . . . . Impact Corruptions . | . . . . . . . . . Robots Melted 1 | . . . . . . 1 . . Combat Hostiles 1 | . . . . . . 1 . . Parts Melted 6 | . . . . 1 . 3 1 1 Heat Transferred 2296 | . . . 137 333 . 185 259 1382 Parts Sabotaged . | . . . . . . . . . Parts Stolen . | . . . . . . . . . Parts Stripped . | . . . . . . . . . Power Chain Reactions 3 | . . . 2 . . . . 1 Alert | -11 -10 -10 -9 -9 -9 -8 -8 -7 ------- Run | Yrd Mat Min Mat Min Exi Min Mat Fac Peak Influence 404 | . 20 7 404 227 . 191 148 302 Initial 157 | . . 7 . 157 . . 74 67 Average 118 | . 6 4 132 223 . 139 83 214 Maximum Alert Level 2 | . . . 2 1 . . . 1 Low Security (%) 71 | . 100 100 66 6 . 100 100 40 Level 1 27 | . . . 27 93 . . . 59 Level 2 . | . . . 6 . . . . . Level 3 . | . . . . . . . . . Level 4 . | . . . . . . . . . Level 5 . | . . . . . . . . . High Security . | . . . . . . . . . Max Security . | . . . . . . . . . Squads Dispatched 2 | . . . 1 . . . 1 . Investigation . | . . . . . . . . . Extermination . | . . . . . . . . . Reinforcement 1 | . . . 1 . . . . . Assault 1 | . . . . . . . 1 . Garrison . | . . . . . . . . . Intercept . | . . . . . . . . . Searches Triggered . | . . . . . . . . . Construction Impeded 1 | . . . 1 . . . . . Haulers Reinforced . | . . . . . . . . . Active Scanning Responses . | . . . . . . . . . Cargo Convoy Interrupts . | . . . . . . . . . Stealth | -11 -10 -10 -9 -9 -9 -8 -8 -7 --------- Run | Yrd Mat Min Mat Min Exi Min Mat Fac Distress Signals 2 | . . . 1 . . . . 1 Communications Jammed . | . . . . . . . . . Distress Signals . | . . . . . . . . . Times Spotted 56 | . 6 3 16 3 . 7 7 14 Peak Tracking Total 7 | . 2 1 6 3 . 4 2 7 Tactical Retreats 4 | . . . 1 . . . . 3 Traps | -11 -10 -10 -9 -9 -9 -8 -8 -7 ------- Run | Yrd Mat Min Mat Min Exi Min Mat Fac Traps Triggered 1 | . 1 . . . . . . . Indirectly . | . . . . . . . . . Trap Hack Attempts . | . . . . . . . . . Triggered . | . . . . . . . . . Disarmed . | . . . . . . . . . Reprogrammed . | . . . . . . . . . Reused . | . . . . . . . . . Traps Extracted . | . . . . . . . . . Installed . | . . . . . . . . . Triggered . | . . . . . . . . . Machines | -11 -10 -10 -9 -9 -9 -8 -8 -7 ---------- Run | Yrd Mat Min Mat Min Exi Min Mat Fac Machines Disabled 4 | . . . 2 . . . . 2 Max in Single Turn 1 | . . . 1 . . . . 1 Garrison Access 1 | . . . . . . . 1 . Machines Repaired . | . . . . . . . . . Machines Dismantled . | . . . . . . . . . Machines Sabotaged . | . . . . . . . . . Overloaded Fab Kills . | . . . . . . . . . Hacking | -11 -10 -10 -9 -9 -9 -8 -8 -7 --------- Run | Yrd Mat Min Mat Min Exi Min Mat Fac Machines Accessed 10 | . . . 1 1 4 . 3 1 Terminals 5 | . . . 1 . . . 3 1 Fabricators . | . . . . . . . . . Repair Stations . | . . . . . . . . . Recycling Units . | . . . . . . . . . Scanalyzers . | . . . . . . . . . Garrison Access . | . . . . . . . . . Total Hacks 44 | . . . 2 1 30 . 9 2 Successful 40 | . . . 2 1 30 . 6 1 Failed 4 | . . . . . . . 3 1 Catastrophic 1 | . . . . . . . . 1 Database Lockouts . | . . . . . . . . . Manual 12 | . . . 2 . . . 8 2 Terminals 13 | . . . 2 . . . 9 2 Fabricators . | . . . . . . . . . Repair Stations . | . . . . . . . . . Recycling Units . | . . . . . . . . . Scanalyzers . | . . . . . . . . . Garrison Access . | . . . . . . . . . Terminal Hacks 33 | . . . 1 1 30 . 1 . Record 30 | . . . . . 30 . . . Open Door 1 | . . . . 1 . . . . Branch Access Points 1 | . . . 1 . . . . . Terminal Index 1 | . . . . . . . 1 . Fabricator Hacks . | . . . . . . . . . Repair Station Hacks . | . . . . . . . . . Recycling Unit Hacks . | . . . . . . . . . Scanalyzer . | . . . . . . . . . Garrison Access Hacks . | . . . . . . . . . Unauthorized Hacks 7 | . . . 1 . . . 5 1 Terminals 7 | . . . 1 . . . 5 1 Botnet 4 | . . . 1 . . . 2 1 Skim 3 | . . . . . . . 3 . Fabricators . | . . . . . . . . . Repair Stations . | . . . . . . . . . Recycling Units . | . . . . . . . . . Scanalyzers . | . . . . . . . . . Garrison Access . | . . . . . . . . . Data Cores Recovered . | . . . . . . . . . Used . | . . . . . . . . . Hacking Detections 5 | . . . 1 . . . 3 1 Full Trace Events . | . . . . . . . . . Feedback Events . | . . . . . . . . . Feedback Blocked . | . . . . . . . . . Robot Schematics Acquired . | . . . . . . . . . Robots Built . | . . . . . . . . . Authchips . | . . . . . . . . . Time . | . . . . . . . . . Total Robot Build Rating . | . . . . . . . . . Part Schematics Acquired . | . . . . . . . . . Parts Built . | . . . . . . . . . Authchips . | . . . . . . . . . Time . | . . . . . . . . . Total Part Build Rating . | . . . . . . . . . Parts Repaired . | . . . . . . . . . Time . | . . . . . . . . . Parts Recycled . | . . . . . . . . . Recycled Matter . | . . . . . . . . . Retrieved Matter . | . . . . . . . . . Retrieved Components . | . . . . . . . . . Parts Scanalyzed . | . . . . . . . . . Part Schematics Acquired . | . . . . . . . . . Parts Damaged . | . . . . . . . . . Bothacking | -11 -10 -10 -9 -9 -9 -8 -8 -7 ------------ Run | Yrd Mat Min Mat Min Exi Min Mat Fac Used RIF Installer . | . . . . . . . . . Robots Hacked . | . . . . . . . . . Non-combat . | . . . . . . . . . Combat . | . . . . . . . . . Robot Hacks Applied . | . . . . . . . . . Relay Couplers Released 1 | . . . . . . . 1 . Machine Destruction 1 | . . . . . . . 1 . Fabnet Peak Effective % . | . . . . . . . . . Robots Rewired . | . . . . . . . . . Allies Hacked . | . . . . . . . . . Hacks Repelled . | . . . . . . . . . Allies | -11 -10 -10 -9 -9 -9 -8 -8 -7 -------- Run | Yrd Mat Min Mat Min Exi Min Mat Fac Total Allies 3 | . . . . 3 . . . . Largest Group 3 | . . . . 3 3 2 2 . Highest-Rated Group 40 | . . . . 40 40 32 32 . Highest-Rated Ally 16 | . . . . 16 16 16 16 . Total Orders 6 | . . . . 1 . . 5 . GUARD 1 | . . . . 1 . . . . EXPLORE 5 | . . . . . . . 5 . Ally Attacks 43 | . . . . . . 23 20 . Total Damage 360 | . . . . . . 294 66 . Kills 3 | . . . . . . 3 . . Allies Corrupted . | . . . . . . . . . Allies Melted . | . . . . . . . . . Intel | -11 -10 -10 -9 -9 -9 -8 -8 -7 ------- Run | Yrd Mat Min Mat Min Exi Min Mat Fac Robot Analysis Total . | . . . . . . . . . Derelict Logs Recovered 1 | . . . . 1 . . . . Drone Launches 16 | . . . . . . . 16 . Drone Recoveries . | . . . . . . . . . Exploration | -11 -10 -10 -9 -9 -9 -8 -8 -7 ------------- Run | Yrd Mat Min Mat Min Exi Min Mat Fac Turns Passed 3196 | . 328 324 362 236 847 231 335 533 Spaces Moved 1988 | 1 225 223 158 174 702 166 186 153 Core 1 | . . . 1 . . . . . Treads 113 | . . . 113 . . . . . Legs 1648 | 1 225 223 44 174 702 166 113 . Wheels 226 | . . . . . . . 73 153 Hover . | . . . . . . . . . Flight . | . . . . . . . . . Fastest Speed 80 | 120 120 120 120 120 120 120 80 165 Average Speed 126 | 120 120 120 150 120 120 120 118 170 Slowest Speed 350 | 120 120 120 350 120 120 120 185 205 Overloaded Moves . | . . . . . . . . . Propulsion Burnouts . | . . . . . . . . . Robots Hopped . | . . . . . . . . . Cave-ins Triggered . | . . . . . . . . . Exploration Rate (%) 37 | 2 40 38 21 46 91 50 48 3 Regions Visited 8 Branch Regions 4 Pre-discovered Areas . | . . . . . . . . . Known Exits Taken 1 | . . . 1 . . . . . Unknown Exits Taken 7 | 1 1 1 . 1 1 1 1 . Scrap Searched . | . . . . . . . . . Spaces Dug . | . . . . . . . . . Terrain Destroyed 50 | . . . 27 . . 16 1 6 Melee . | . . . . . . . . . Projectile 1 | . . . . . . . 1 . AOE 49 | . . . 27 . . 16 . 6 Terrain Rammed . | . . . . . . . . . Walls Destroyed . | . . . . . . . . . Machines Disabled . | . . . . . . . . . Actions | -11 -10 -10 -9 -9 -9 -8 -8 -7 --------- Run | Yrd Mat Min Mat Min Exi Min Mat Fac Total 2453 | . 250 246 234 187 708 182 271 375 Wait 276 | . . 3 14 5 . 6 57 191 Move 1980 | . 224 222 157 173 701 165 185 153 Hop . | . . . . . . . . . Pick Up 15 | . 2 . 8 . 2 . 2 1 Fast Attach 19 | . 1 . 10 1 1 . 4 2 Attach 7 | . . . 2 . . 1 1 3 Detach 1 | . . . . . . . . 1 Swap 7 | . 2 . 2 . . 1 2 . Drop 27 | . 1 . 14 1 4 1 5 1 Fire 121 | . 20 21 27 7 . 8 15 23 Melee . | . . . . . . . . . Ram . | . . . . . . . . . Kick . | . . . . . . . . . Crush . | . . . . . . . . . Escape Stasis . | . . . . . . . . . Rewire . | . . . . . . . . . Trap . | . . . . . . . . . Miscellaneous . | . . . . . . . . . Route ------- -11/Scrapyard -10/Materials (discovered 2 exits: *Mat / [*Min]) -10/Mines -9/Materials -9/Mines (discovered 2 exits: *Mat / *Exi) -9/Exiles (discovered 2 exits: [*Min x2]) -8/Mines -8/Materials (discovered 2 exits: *Fac x2) -7/Factory History --------- Turn | Location | Event 1 | -11/Scrapyard | Discovered new exit (range 0) 1 | -11/Scrapyard | Entered Materials 111 | -10/Materials | Discovered new exit (range 5) 300 | -10/Materials | Build established: Mutant 312 | -10/Materials | Discovered new exit (range 14) 329 | -10/Materials | Entered Mines 330 | -10/Mines | Assembled infested the area 335 | -10/Mines | Assisted by a Guerilla fighting off Assembled 639 | -10/Mines | Discovered new exit (range 8) 653 | -10/Mines | Entered Materials 653 | -9/Materials | Evolved 2 slots: Utility x2 823 | -9/Materials | Identified exit to Mines 1015 | -9/Materials | Entered Mines 1065 | -9/Mines | Learned 4 Materials zone layouts 1093 | -9/Mines | Found the Drone Emporium 1098 | -9/Mines | Found Prototype Device 1098 | -9/Mines | Identified Bomb Drone Bay 1131 | -9/Mines | Discovered new exit (range 13) 1223 | -9/Mines | Assisted by bots powering up and referring to "LRC-V3" 1240 | -9/Mines | Deemed a non-threat by the Exiles lab entrance 1241 | -9/Mines | Discovered new exit (range 5) 1251 | -9/Mines | Entered Exiles 1251 | -9/Exiles | Accompanied by 3 allies 1279 | -9/Exiles | Discovered new exit (range 15) 1301 | -9/Exiles | Met 8R-AWN 1321 | -9/Exiles | Met EX-HEX 1367 | -9/Exiles | Met EX-DEC 1466 | -9/Exiles | Discovered new exit (range 14) 1577 | -9/Exiles | Visited The Gauntlet 1749 | -9/Exiles | Met EX-BIN 1767 | -9/Exiles | Aligned with FarCom system 1768 | -9/Exiles | Given EX-Vault access code 2098 | -9/Exiles | Entered Mines 2098 | -8/Mines | Accompanied by 2 allies 2326 | -8/Mines | Discovered new exit (range 3) 2329 | -8/Mines | Entered Materials 2329 | -8/Materials | Accompanied by 2 allies 2329 | -8/Materials | Evolved 2 slots: Propulsion x1, Utility x1 2540 | -8/Materials | Discovered new exit (range 12) 2609 | -8/Materials | Discovered new exit (range 49) 2664 | -8/Materials | Entered Factory 2664 | -7/Factory | Evolved 2 slots: Utility x1, Weapon x1 2971 | -7/Factory | Build established: Hauler-Skirmisher 3150 | -7/Factory | Lost 3 parts (1n2w) 3197 | -7/Factory | Self-destructed Last Messages --------------- 03135_ Overheating: Heat Sink damaged (-19). 03135_ Overheating: Hvy. Particle Cannon damaged (-47). 03135_ Overheating: Heat Sink damaged (-17). 03135_ Overheating: Humpback damaged (-121). 03137_ G-47 Trooper suffers critical hit (Burn). 03140_ G-47 Trooper destroyed. 03140_ Construction Platform disabled. 03141_ Power failure, Mic. Nuclear Core shutdown. 03143_ K-01 Serf collects debris. 03143_ G-47 Trooper destroyed. 03146_ K-01 Serf collects debris. 03148_ Overheating: Humpback damaged (-34). 03149_ Power failure, Mic. Nuclear Core shutdown. 03149_ Overheating: Hvy. Laser damaged (-33). 03150_ K-01 Serf collects debris. 03164_ Acquired 20 matter. 03166_ K-01 Serf collects debris. Map ----- +----------------------------------------------------+ | ?????????????????????????????????????????????????? | | ?????????????????????????????????????????????????? | | ?????????????????????????????????????????????????? | | ?????????????????????????????????????????????????? | | ?????????????????????????????????????????????????? | | ?????????????????????????????????????????????????? | | ?????????????????????????????????????????????????? | | ?????????????????????????????????????????????????? | | ??????????????##############?????????????????????? | | ??????????????# #?????????????????????? | | ??????????????# #?????????????????????? | | ??????????????# """" """" #?????????????????????? | | ######????????# """" """" #?????????????????????? | | #????????# """" """" #?????????????????????? | | """ #????????# """" """" #?????????????????????? | | """ #????????# """" """" #?????????????????????? | | """ #????????# """" """" #?????????????????????? | | #????????# " " " "" #?????????????????????? | | #????????# ! = #?????????????????????? | | #######??# %/%[ #?????????????????????? | | # #??# *%= #?????????????????????? | | ##+### ##########+#############+####?????????? | | w ?????????? | | k????????? | | ????????? | | @ ????????? | | ????????? | | ##########+##### T#######+#########??????????? | | #????# ####??????????????????????????? | | #????#[ #?????????????????????????????? | | ####?# ! "" #?????????????????????????????? | | ## ### "" #?????????????????????????????? | | ##"""# """ T" #?????????????????????????????? | | =%=""" "" #?????????????????????????????? | | ### % ""# """ "" #?????????????????????????????? | | ??# ==### #?????????????????????????????? | | ??# #?###########?????????????????????????????? | | ??# #?????????????????????????????????????????? | | ??# #?????????????????????????????????????????? | | ??# +?????????????????????????????????????????? | | ??# #?????????????????????????????????????????? | | ??# #?????????????????????????????????????????? | | ??# #?????????????????????????????????????????? | | ??#+##+#?????????????????????????????????????????? | | ?????????????????????????????????????????????????? | | ?????????????????????????????????????????????????? | | ?????????????????????????????????????????????????? | | ?????????????????????????????????????????????????? | | ?????????????????????????????????????????????????? | | ?????????????????????????????????????????????????? | +----------------------------------------------------+ Best States ------------- Heat Dissipation 54 Energy Generation 15 Energy Capacity 380 Matter Stores 300 Matter Capacity 300 Sight Range 16 Terrain Scan Density 10 Armor Coverage 150 Evasion (%) 55 Recoil Reduction 2 Item Schematics ----------------- None Robot Schematics ------------------ None Fabricated ------------ Nothing Alien Tech Used ----------------- None Achievements -------------- Tank Challenges ------------ None Game ------ Seed LightExoskeletonRecalibrator Manual? 0 Play Time 00:40:45 Cumulative 25.6 hours Start 2024.10.17 @ 03:24:02 End 2024.10.17 @ 17:06:28 Sessions 3 Manual Loads 0 Difficulty Rogue Special Mode None Game No. 23 Rogue 5 Adventurer 16 Explorer 2 Win Type - Total 1 Types 1/0/0/0/0/0/0/0/0 Lore% 9 Gallery% 29 Achievement% 32 Wizard Run 0 Options --------- Layout 2 ASCII 0 Keyboard 0 Movement Mouse Keybinds 1 Fullscreen 1 Font 24/Terminus Map View 50x44 Zoom Use 0% Tactical HUD 1 Map Filters NONE Filters NONE Steam 1 RUN: 44ab5d8d-28d0-4275-bbf0-6dcf7c86f424